 Dungeon Crawl Stone Soup version 0.27.1-16-g815e20cd7a (webtiles) character file.

Game seed: 11255823109678399872

70 spaced the Gusty (level 3, -6/26 HPs)
             Began as a Demigod Air Elementalist on Nov 23, 2021.
             Killed by nerve-wracking pain
             ... invoked by Grinder
              (14 damage)
             ... on level 3 of the Dungeon.
             The game lasted 00:11:23 (2239 turns).

spaced the Gusty (Demigod Air Elementalist)         Turns: 2239, Time: 00:11:23

Health: -6/26      AC:  3    Str:  9    XL:     3   Next: 76%
Magic:  1/9        EV: 12    Int: 21    God:
Gold:   48         SH:  0    Dex: 14    Spells: 0/7 levels left

rFire    . . .     SeeInvis .   d - +0 falchion
rCold    . . .     Faith    .   (no shield)
rNeg     . . .     Spirit   .   a - +0 robe
rPois    .         Reflect  .   (no helmet)
rElec    .         Harm     .   (no cloak)
rCorr    .         Rampage  .   e - +0 pair of gloves
Will     .....                  (no boots)
Stlth    ++........             m - amulet of regeneration
HPRegen  1.08/turn              j - ring of wizardry
MPRegen  0.11/turn              (no ring)

@: no status effects
A: high mp 1, forlorn
a: no special abilities


You were on level 3 of the Dungeon.
You visited 1 branch of the dungeon, and saw 3 of its levels.

You collected 48 gold pieces.

Inventory:

Hand Weapons
 d - a +0 falchion (weapon)
Armour
 a - a +0 robe (worn)
 e - a +0 pair of gloves (worn)
Jewellery
 j - a ring of wizardry (left hand)
 m - an amulet of regeneration (around neck)
Wands
 g - a wand of flame (17)
Scrolls
 c - 2 scrolls of identify {unknown}
 i - 2 scrolls of immolation {unknown}
 k - a scroll of fear {unknown}
 l - a scroll of noise {unknown}
Potions
 b - 2 potions of degeneration {unknown}
 f - a potion of lignification {unknown}
 h - 2 potions of cancellation {unknown}


   Skills:
 + Level 1.8 Dodging
 + Level 2.0 Stealth
 + Level 2.6 Spellcasting
 + Level 1.6 Conjurations
 + Level 3.3 Air Magic


You couldn't memorise any spells.
You knew the following spells:

 Your Spells              Type           Power      Damage    Failure   Level
a - Shock                 Conj/Air       52%        1d6       1%          1
b - Static Discharge      Conj/Air       13%        N/A       3%          2
c - Summon Small Mammal   Summ           8%         N/A       6%          1
d - Slow                  Hex            2%         N/A       9%          2
e - Apportation           Tloc           4%         N/A       6%          1

Your spell library contained the following spells:

 Spells                   Type           Power      Damage    Failure   Level
 Poisonous Vapours        Pois/Air       18%        N/A       4%          2
 Swiftness                Air            17%        N/A       4%          3
 Sting                    Tmut/Pois      8%         1d3       6%          1
 Airstrike                Air            8%         N/A       14%         4
 Call Canine Familiar     Summ           2%         N/A       16%         3
 Confusing Touch          Hex            2%         N/A       16%         3
 Summon Guardian Golem    Hex/Summ       2%         N/A       16%         3
 Olgreb's Toxic Radiance  Pois           2%         N/A       45%         4
 Alistair's Intoxication  Tmut/Pois      1%         N/A       80%         5
 Summon Forest            Summ/Tloc      1%         N/A       80%         5
 Yara's Violent Unravell  Hex/Tmut       1%         3d3       80%         5
 Invisibility             Hex            1%         N/A       100%        6
 Shadow Creatures         Summ           N/A        N/A       100%        6
 Monstrous Menagerie      Summ           1%         N/A       100%        7


Dungeon Overview and Level Annotations

Branches:
Dungeon (3/15)

Shops:
D:3 [

Annotations:
D:3 Grinder


Innate Abilities, Weirdness & Mutations

Your attributes grow dramatically as you level up.
You have an increased reservoir of magic. (+10% MP)
You shall have no god before yourself.


Message History

The lightning grounds out.
Grinder gestures at you.
You barely resist.
Casting: Static Discharge (safe; 3% risk of failure)
Confirm with . or Enter, or press ? or * to list all spells.
Grinder is struck by an arc of lightning.
Grinder is heavily wounded.
The lightning grounds out.
Grinder hits you but does no damage.
Casting: Static Discharge (safe; 3% risk of failure)
Confirm with . or Enter, or press ? or * to list all spells.
Grinder is struck by an arc of lightning!
Grinder is severely wounded.
You are struck by an arc of lightning.
The lightning grounds out.
Grinder gestures at you. You resist with significant effort.
Casting: Static Discharge (safe; 3% risk of failure)
Confirm with . or Enter, or press ? or * to list all spells.
You don't have enough magic to cast this spell.
Casting: Static Discharge (safe; 3% risk of failure)
Confirm with . or Enter, or press ? or * to list all spells.
You don't know that spell.
You closely miss Grinder.
Grinder is severely wounded.
Grinder hits you!
You writhe in agony.
Grinder hits you!
You writhe in agony.
Your magical contamination has completely faded away.
You closely miss Grinder.
Grinder is severely wounded.
Grinder gestures at you. You resist with significant effort.
You hit Grinder.
Grinder is almost dead.
Grinder hits you.
* * * LOW HITPOINT WARNING * * *
You writhe in agony.
* * * LOW HITPOINT WARNING * * *
There is a stone staircase leading up here.
Grinder gestures at you. Pain shoots through your body!
Ouch! That really hurt!
You die...

..........####.#
####......# #.# ##...#.#
#.# ##..#.# #.#
############.#######.#
#.#.##............^#.###
#.#.##.####>.#####.#(...
#.#..............#.#....
#.#....@5##...##.#.#.#..
#.#......###....##.##...
#.##.....# #####.#.#.#..
#.##.....# #......>.
#.####.### #........
#......# ####.....
######## ####.. #.. ..


You could see Grinder.

Vanquished Creatures
  3 adders
  2 dart slugs (D:1)
  A ball python (D:2)
  4 endoplasms
  A giant cockroach (D:1)
  3 goblins
  4 hobgoblins (D:1)
  2 jackals (D:2)
  5 kobolds
  A quokka (D:1)
  3 bats
  2 frilled lizards (D:1)
  4 rats
35 creatures vanquished.

Vanquished Creatures (collateral kills)
  A bat (D:2)
1 creature vanquished.

Vanquished Creatures (others)
  A plant (D:2)
  A withered plant (D:2)
2 creatures vanquished.

Grand Total: 38 creatures vanquished

Notes
Turn   | Place    | Note
-------+----------+-------------------------------------------
     0 | D:1      | spaced the Demigod Air Elementalist began the quest for the
                  | Orb.
     0 | D:1      | Reached XP level 1. HP: 14/14 MP: 5/5
   169 | D:1      | Reached skill level 3 in Air Magic
   185 | D:1      | Reached XP level 2. HP: 20/20 MP: 0/7
   249 | D:1      | Learned a level 2 spell: Static Discharge
   359 | D:1      | Reached skill level 1 in Conjurations
   814 | D:1      | Got the Incunabulum of the Entourage
   817 | D:1      | Learned a level 1 spell: Summon Small Mammal
  1179 | D:2      | Reached XP level 3. HP: 26/26 MP: 5/8
  1182 | D:2      | Learned a level 2 spell: Slow
  1851 | D:3      | Learned a level 1 spell: Apportation
  2036 | D:3      | Found Sares's Antique Armour Shop.
  2058 | D:3      | Noticed Grinder
  2239 | D:3      | Killed from afar by Grinder

Illustrated notes

Levels and vault maps discovered:
D:1:      kennysheep_arrival_forest, layout_loops_ring, minmay_tromino_v2
D:2:      layout_basic, shapermc_ecumenical_altar_flowoftime
D:3:      layout_loops_ring, serial_shops, shop_statue, kennysheep_minor_cross,
          eino_curves_03, corner_web_ring, nrook_mini_backslash, uniq_grinder

Skill      XL: |  1  2 |
---------------+-------+-----
Stealth        | 2 |  2.0
Air Magic      | 3 |  3.3
Conjurations   | 1 |  1.6
Spellcasting   | 2 |  2.6
Dodging        | |  1.8

Action                   || total
-------------------------++-------
Melee: Falchion          ||    24
 Cast: Shock             ||    59
       Static Discharge  ||    10
       Summon Small Mamm ||     5
       Slow              ||     1
 Stab: Sleeping          ||     1
Armor: Robe              ||    10
Dodge: Dodged            ||    10
       Rpst.: Falchion   ||     6
